 Dungeon Crawl Stone Soup version 0.31-a0-1317-gdfb52cb (webtiles) character file.

Game seed: 17417392893056684273

1652503 PublicAnimeNo1 the Minotaur Blade (level 26, 196/196 HPs)
             Began as a Minotaur Fighter on Dec 20, 2023.
             Was a High Priest of Okawaru.
             Escaped with the Orb
             ... and 3 runes!
             The game lasted 02:47:18 (72711 turns).

PublicAnimeNo1 the Minotaur Blade (MiFi)           Turns: 72711, Time: 02:47:19

Health: 196/196    AC: 52    Str: 33    XL:     26   Next: 98%
Magic:  31/31      EV: 24    Int:  8    God:    Okawaru [*****.]
Gold:   3021       SH: 35    Dex: 14    Spells: 25/25 levels left

rFire   + + .        m - +8 autumn katana {manifold assault}
rCold   + + .        p - +8 tower shield {AC+3}
rNeg    + + .        v - +12 gold dragon scales
rPois   +            M - +2 hat
rElec   +            K - +1 cloak of Death Resistance {rC+ Str+3}
rCorr   +            L - +2 pair of gloves {infuse}
SInv    .            R - +2 pair of boots of the Wilderness {Will+ Slay+3 Stlth+}
Will    ++++.        o - amulet "Sosu" {Reflect rElec Will++ rCorr SH+5 Stlth-} Stlth
                     q - ring "Finaas" {+Blink rPois rF+ rN++ rCorr}
HPRegen 0.52/turn    N - ring of the Hare {EV+10}
MPRegen 0.22/turn

%: reflection, infuse magic (1 MP)
@: studying 2 skills
A: horns 2, retaliatory headbutt, clever 1, deterioration 1, frail 2, low MP 1,
strong 1, wild magic 1
0: Orb of Zot
}: 3/15 runes: serpentine, barnacled, silver
a: Renounce Religion, Evoke Blink, Heroism, Finesse, Duel


You escaped.
You worshipped Okawaru.
Okawaru was extremely pleased with you.
You visited 10 branches of the dungeon, and saw 48 of its levels.
You visited 1 bazaar.
You also visited: Trove, Bailey, Gauntlet, Ice Cave and Desolation.

You collected 8322 gold pieces.
You spent 5301 gold pieces at shops.

Inventory:

Hand Weapons
 c - a +2 vampiric double sword
 m - the +8 autumn katana (weapon) {manifold assault}
   (You found it in a treasure trove)
Missiles
 z - 11 silver javelins
 D - 31 javelins (quivered)
 J - 4 throwing nets
Armour
 p - a +8 tower shield of protection (worn)
 v - +12 gold dragon scales (worn)
 K - the +1 cloak of Death Resistance (worn) {rC+ Str+3}
   (You acquired it on level 3 of the Realm of Zot)

   Str+3:     It affects your strength (+3).
   rC+:       It protects you from cold.
 L - a +2 pair of gloves of infusion (worn)
 M - a +2 hat (worn)
 R - the +2 pair of boots of the Wilderness (worn) {Will+ Slay+3 Stlth+}
   (You found it on level 3 of the Elven Halls)

   Slay+3:    It affects your accuracy & damage with ranged weapons and melee
   (+3).
   Will+:     It increases your willpower.
   Stlth+:    It makes you more stealthy.
Jewellery
 g - a ring of flight
 o - the amulet "Sosu" (around neck) {Reflect rElec Will++ rCorr SH+5 Stlth-}
   (You acquired it on level 1 of the Depths)

   [amulet of reflection]

   Reflect:   It reflects blocked missile attacks.
   rElec:     It insulates you from electricity.
   Will++:    It greatly increases your willpower.
   rCorr:     It protects you from acid and corrosion.
   SH+5:      It affects your SH (+5).
   Stlth-:    It makes you less stealthy.
 q - the ring "Finaas" (left hand) {+Blink rPois rF+ rN++ rCorr}
   (You bought it in a shop on level 2 of the Snake Pit)

   [ring of protection from fire]

   rF+:       It protects you from fire.
   rPois:     It protects you from poison rN++: It greatly protects you from
   negative energy.
   +Blink:    It lets you blink.
   rCorr:     It protects you from acid and corrosion.
 N - the ring of the Hare (right hand) {EV+10}
   (You found it in a Gauntlet)

   [ring of evasion]

   EV+10:     It affects your evasion (+10).
 O - a ring of protection from cold
 T - the ring of New Discoveries {rElec rPois Str+6}
   (You found it on level 4 of the Realm of Zot)

   [ring of strength]

   Str+6:     It affects your strength (+6).
   rElec:     It insulates you from electricity.
   rPois:     It protects you from poison
 U - a ring of see invisible
Wands
 n - a wand of flame (118)
 x - a wand of iceblast (66)
 A - a wand of mindburst (20)
 B - a wand of digging (42)
 F - a wand of polymorph (9)
 H - a wand of acid (34)
Scrolls
 e - 13 scrolls of teleportation
 h - 6 scrolls of blinking
 l - 8 scrolls of poison
 r - 8 scrolls of fog
 s - a scroll of immolation
 y - 2 scrolls of revelation
 G - 5 scrolls of amnesia
 I - a scroll of silence
 P - 2 scrolls of torment
 S - 3 scrolls of fear
Potions
 d - 4 potions of might
 f - 7 potions of curing
 i - 11 potions of brilliance
 j - 4 potions of magic
 k - 2 potions of resistance
 t - a potion of ambrosia
 u - 9 potions of haste
 C - 6 potions of enlightenment
 E - a potion of attraction
 Q - 2 potions of lignification
 Y - 11 potions of heal wounds
 Z - 4 potions of invisibility
Miscellaneous
 w - a condenser vane
 X - a phial of floods


   Skills:
 - Level 22.0 Fighting
 + Level 25.0 Long Blades
 + Level 21.6 Throwing
 - Level 22.0 Armour
 + Level 16.9 Dodging
 - Level 22.0 Shields
 + Level 17.9 Invocations
 + Level 14.2 Evocations


You had 25 spell levels left.
You didn't know any spells.
Your spell library contained the following spells:

 Spells                   Type           Power      Damage    Failure   Level
 Apportation              Tloc           0%         N/A       99%         1
 Foxfire                  Conj/Fire      0%         2x1d4     99%         1
 Freeze                   Ice            0%         1d3       99%         1
 Kiss of Death            Conj/Necr      0%         2d5       99%         1
 Magic Dart               Conj           0%         1d3       99%         1
 Necrotise                Necr           0%         1d4       99%         1
 Sandblast                Erth           0%         2d4       99%         1
 Shock                    Conj/Air       0%         1d3       99%         1
 Sting                    Conj/Alch      0%         1d3       99%         1
 Blink                    Tloc           0%         N/A       100%        2
 Cigotuvi's Dreadful Rot  Necr/Alch/Air  0%         N/A       100%        2
 Ensorcelled Hibernation  Hex/Ice        0%         N/A       100%        2
 Lesser Beckoning         Tloc           0%         N/A       100%        2
 Mercury Vapours          Alch/Air       0%         N/A       100%        2
 Passwall                 Alch/Erth      0%         N/A       100%        2
 Scorch                   Fire           0%         2d5       100%        2
 Searing Ray              Conj           0%         2d4       100%        2
 Confusing Touch          Hex            0%         N/A       100%        3
 Dazzling Flash           Conj/Hex       0%         N/A       100%        3
 Frozen Ramparts          Ice            0%         1d1       100%        3
 Fugue of the Fallen      Necr           0%         N/A       100%        3
 Gell's Gravitas          Tloc           0%         N/A       100%        3
 Hailstorm                Conj/Ice       0%         3d5       100%        3
 Inner Flame              Hex/Fire       0%         N/A       100%        3
 Mephitic Cloud           Conj/Alch/Air  0%         N/A       100%        3
 Ozocubu's Armour         Ice            0%         N/A       100%        3
 Sigil of Binding         Hex            0%         N/A       100%        3
 Stone Arrow              Conj/Erth      0%         3d7       100%        3
 Swiftness                Air            0%         N/A       100%        3
 Teleport Other           Tloc           0%         N/A       100%        3
 Vampiric Draining        Necr           0%         2d6       100%        3
 Volatile Blastmotes      Fire/Tloc      0%         2d10      100%        3
 Anguish                  Hex/Necr       0%         N/A       100%        4
 Brom's Barrelling Bould  Conj/Erth      0%         2d3       100%        4
 Cause Fear               Hex            0%         N/A       100%        4
 Dimensional Bullseye     Hex/Tloc       0%         N/A       100%        4
 Dispel Undead            Necr           0%         3d6       100%        4
 Flame Wave               Conj/Fire      0%         2d4       100%        4
 Fulminant Prism          Conj/Alch      0%         3d5       100%        4
 Ignite Poison            Fire/Alch      0%         N/A       100%        4
 Leda's Liquefaction      Alch/Erth      0%         N/A       100%        4
 Manifold Assault         Tloc           0%         N/A       100%        4
 Olgreb's Toxic Radiance  Alch           0%         N/A       100%        4
 Passage of Golubria      Tloc           0%         N/A       100%        4
 Vhi's Electric Charge    Tloc/Air       0%         N/A       100%        4
 Agony                    Necr           0%         N/A       100%        5
 Arcjolt                  Conj/Air       0%         1d10      100%        5
 Fireball                 Conj/Fire      0%         3d3       100%        5
 Freezing Cloud           Conj/Ice/Air   0%         6-21      100%        5
 Irradiate                Conj/Alch      0%         3d11      100%        5
 Iskenderun's Battlesphe  Conj           0%         2d6       100%        5
 Metabolic Englaciation   Hex/Ice        0%         N/A       100%        5
 Silence                  Hex/Air        0%         N/A       100%        5
 Conjure Ball Lightning   Conj/Air       0%         3x3d6     100%        6
 Dispersal                Tloc           0%         N/A       100%        6
 Plasma Beam              Fire/Air       0%         2x1d10    100%        6
 Starburst                Conj/Fire      0%         6d3       100%        6
 Orb of Destruction       Conj           0%         9d5       100%        7
 Borgnjor's Revivificati  Necr           0%         N/A       100%        8
 Disjunction              Tloc           0%         N/A       100%        8
 Ignition                 Fire           0%         3d3       100%        8
 Lehudib's Crystal Spear  Conj/Erth      0%         10d2      100%        8
 Maxwell's Capacitive Co  Air            0%         ∞         100%        8
 Chain Lightning          Conj/Air       0%         N/A       100%        9
 Death's Door             Necr           0%         N/A       100%        9
 Fire Storm               Conj/Fire      0%         5d1       100%        9
 Shatter                  Erth           0%         3d5*      100%        9
 Summon Small Mammal      Summ           Unusable   N/A       N/A         1
 Call Canine Familiar     Summ           Unusable   N/A       N/A         3
 Animate Armour           Summ/Erth      Unusable   N/A       N/A         4
 Simulacrum               Ice/Necr       Unusable   N/A       N/A         6
 Summon Cactus Giant      Summ           Unusable   N/A       N/A         6
 Haunt                    Necr/Summ      Unusable   N/A       N/A         7
 Monstrous Menagerie      Summ           Unusable   N/A       N/A         7
 Summon Horrible Things   Summ           Unusable   N/A       N/A         8
 Dragon's Call            Summ           Unusable   N/A       N/A         9

Dungeon Overview and Level Annotations

Branches:
Dungeon (15/15)            Temple (1/1) D:4            Lair (5/5) D:10
 Shoals (4/4) Lair:2        Snake (4/4) Lair:2        Slime (0/5) Lair:5
    Orc (2/2) D:12            Elf (3/3) Orc:2        Vaults (5/5) D:13
  Crypt (0/3) Vaults:3     Depths (4/4) D:15            Zot (5/5) Depths:4
 Bailey (visited)           IceCv (visited)         Desolation (visited)
Gauntlet (visited)

Altars:
Ashenzari
Cheibriados
Dithmenos
Elyvilon
Fedhas
Gozag
Hepliaklqana
Kikubaaqudgha
Makhleb
Nemelex Xobeh
Okawaru
Qazlal
Ru
Sif Muna
Trog
Uskayaw
Vehumet
Xom
Yredelemnul
Zin
The Shining One

Shops:
D:1 (:(   Orc:2 =?[?   Elf:2 [   Elf:3 ?   Shoals:2 :   Shoals:3 [
Snake:2 =::   Depths:4 *=![=

Portals:
Hell: Depths:1 Depths:2 Depths:3 Depths:4
Abyss: Depths:3 Depths:4
Pandemonium: Orc:2 Depths:1 Depths:2
Ziggurat: Depths:1

Annotations:
D:9 1 runed translucent door, cinnamon's ghost, novice GnFi
D:14 Roxanne
D:15 2 transporters, foff's ghost, journeyman GrIE
Snake:2 2 transporters, exclusion: orange crystal statue
Elf:2 3 runed translucent doors
Elf:3 exclusion: orange crystal statue
Vaults:3 3 runed translucent doors, Ycago's ghost, veteran GrGl
Depths:1 exclusions: angel, 2 daevas and 1 more exclusion
Zot:2 2 transporters, Plog's ghost, master TrFi


Innate Abilities, Weirdness & Mutations

You have a pair of horns on your head.
You reflexively headbutt those who attack you in melee.
Your mind is acute. (Int +4, Str/Dex -1)
Your body sometimes deteriorates upon taking damage.
You are very frail. (-20% HP)
Your magical capacity is low. (-10% MP)
Your muscles are strong. (Str +4, Int/Dex -1)
Your spells are a little harder to cast, but a little more powerful.


Message History

There is a stone staircase leading up here.
You block the sun demon's attack. x2
You climb upwards.
There is a stone staircase leading down here.
You slice the sun demon!! You headbutt the sun demon.
The sun demon is heavily wounded.
You block the sun demon's attack.
The sun demon hits you but does no damage.
You slice the sun demon!!
You kill the sun demon!
Okawaru accepts your kill.
You slice the sun demon!! You headbutt the sun demon!
The sun demon is heavily wounded.
You block the sun demon's attack.
You slice the sun demon!! You headbutt the sun demon.
You kill the sun demon!
Okawaru accepts your kill.
What level of the Dungeon? (default 1, ? - help)
There is a stone staircase leading up here.
You climb upwards.
There is a stone staircase leading down here.
HP restored.
Magic restored.
There is a stone staircase leading up here.
You climb upwards.
There is a stone staircase leading down here.
There is a stone staircase leading up here.
You climb upwards.
There is a stone staircase leading down here.
You open the door.
There is an open door here.
There is a stone staircase leading up here.
You climb upwards.
There is a stone staircase leading down here.
There is a stone staircase leading up here.
You climb upwards.
There is a stone staircase leading down here.
You open the door.
There is an open door here.
There is a staircase leading out of the dungeon here.
You have escaped!

....##)# ###..##.#.......##
.###...# ##...###.#.####...>
####.### ##..####..#.# #....
.....#########..#####.##.# #....
#...#..........##.....##.# #....
#.....#########...####...# #..[.
#.#..##.........### #.### #....
#.......###.##########.# #....
.....#......#...@...#..# #....
........#####8.....8#.## ##....
####..########.....#########.....
# ##.......+..8.8..'........####
## ##.########.....########....#
.###...## #.....#.......)...#
.#...#..## ###.8.8.#..........##
.#.####..# #.#.....#.......#.##
...# ##.###)#.....#.......#.#


There were no monsters in sight!

Vanquished Creatures
  2 dread liches
  An orb of fire (Zot:5)
  Mara (Shoals:3)
  An ancient lich (Zot:5)
  Xtahua (Vaults:4)
  Bai Suzhen (Depths:2)
  Boris (Vaults:5)
  5 Killer Klowns
  Sojobo (Depths:3)
  Parghit (Depths:3)
  2 curse toes (Zot:3)
  2 bone dragons
  15 golden dragons
  18 tentacled monstrosities
  5 electric golems
  An Ice Fiend (Zot:4)
  3 walking crystal tomes (Depths:3)
  Jorgrun (D:12)
  5 liches
  14 quicksilver dragons
  A walking divine tome (Depths:3)
  23 Orb Guardians
  A deep elf blademaster (Elf:1)
  4 titans
  3 deep elf master archers (Elf:3)
  9 death cobs
  6 sphinxes
  11 storm dragons
  2 krakens
  3 thorn hunters (Snake:1)
  Kirke (D:15)
  7 tengu reavers
  The ghost of Miffien the Covert, an adept GnWn of Uskayaw (Shoals:2)
  12 shadow dragons
  Aizul (Snake:1)
  A protean progenitor (Zot:3)
  Ilsuiw (Shoals:2)
  3 draconian monks
  17 nagarajas
  6 draconian knights
  8 deep elf sorcerers
  9 fire giants
  8 draconian shifters
  2 ghost moths (Zot:4)
  5 iron dragons
  15 frost giants
  5 deep elf elementalists (Elf:3)
  6 draconian scorchers
  11 vault wardens
  2 imperial myrmidons (Desolation)
  2 angels (Vaults:1)
  4 spriggan defenders
  7 draconian annihilators
  6 draconian stormcallers
  2 orc warlords
  7 ironbound thunderhulks
  26 very ugly things
  18 ironbound preservers
  19 stone giants
  A formless jellyfish (Vaults:3)
  4 reapers
  A war gargoyle (Vaults:5)
  7 green draconians
  Nessos (Lair:3)
  9 black draconians
  6 deep elf demonologists
  12 deep elf annihilators
  A minotaur (Gauntlet)
  3 vampire knights
  11 white draconians
  3 halazid warlocks (Desolation)
  25 purple draconians
  10 red draconians
  5 deep elf death magi
  5 yellow draconians
  10 dire elephants
  4 spark wasps
  4 merfolk javelineers (Shoals:4)
  Josephine (Orc:2)
  2 crystal guardians
  10 ettins
  9 merfolk impalers
  An eidolon (Vaults:3)
  A blizzard demon (Depths:2)
  11 fire dragons
  14 yaktaur captains
  8 ragged hierophants (Desolation)
  7 deep elf high priests
  Harold (D:10)
  4 entropy weavers
  6 great orbs of eyes
  29 vault guards
  8 hydras
  6 salamander tyrants
  2 hell beasts (Depths:1)
  8 servants of whispers (Desolation)
  A demonspawn (Orc:2)
  10 ironbound frosthearts
  7 ice dragons
  8 rakshasas
  A catoblepas (D:13)
  2 ogre magi (Vaults:5)
  9 peacekeepers
  4 merfolk avatars
  6 spriggan air magi
  Erica (D:8)
  2 alligators (Snake:1)
  2 boulder beetles
  5 two-headed ogres
  3 alligator snapping turtles
  3 satyrs
  12 anacondas
  4 tengu warriors
  15 dancing weapons
  A deep troll shaman (Depths:1)
  11 centaur warriors
  6 merfolk aquamancers
  A death knight (Vaults:3)
  18 naga warriors
  4 occultists
  8 deep troll earth magi
  7 vampire magi
  5 orc high priests (Orc:2)
  14 hell knights
  12 deep elf knights
  6 spriggan berserkers
  3 sun demons
  19 naga sharpshooters
  A skyshark (shapeshifter) (Vaults:4)
  3 skysharks
  16 sea snakes
  A sixfirhy (Depths:1)
  7 iron trolls
  4 salamander mystics
  A shadow wraith (Vaults:4)
  2 storm dragon skeletons (D:15)
  3 skeletal warriors (D:15)
  A death drake (shapeshifter) (Vaults:4)
  34 deep trolls
  A kraken simulacrum (Shoals:4)
  3 death drakes (Zot:3)
  A goliath frog (Snake:1)
  14 deep elf archers
  2 glowing orange brains
  4 naga ritualists
  15 ironbound convokers
  3 swamp dragons (Snake:1)
  8 arcanists
  Pikel (D:6)
  12 orc knights
  17 harpies
  27 deep elf pyromancers
  10 phantasmal warriors
  5 necromancers
  6 lindwurms
  42 ugly things
  8 orc sorcerers
  7 mana vipers
  14 deep elf zephyrmancers
  6 cyclopes
  9 manticores
  2 fauns (shapeshifter)
  10 fauns
  14 merfolk sirens
  A moth of wrath (shapeshifter) (Vaults:4)
  A wolf spider (Lair:5)
  12 salamanders
  21 moths of wrath
  56 black mambas
  A kobold blastminer (Orc:2)
  A water nymph (shapeshifter) (Vaults:5)
  10 guardian serpents
  2 water nymphs
  16 elephants
  3 gargoyles
  A smoke demon (Depths:1)
  14 naga magi
  5 torpor snails (Lair:5)
  16 cane toads
  11 vault sentinels
  A molten gargoyle (Desolation)
  A cane toad (shapeshifter) (D:14)
  3 unseen horrors (D:12)
  A kobold demonologist (D:13)
  29 yaktaurs
  An efreet (D:14)
  A minotaur zombie (Gauntlet)
  A rime drake (Lair:1)
  2 freezing wraiths
  A queen bee (Lair:1)
  Psyche (D:8)
  2 tengu conjurers
  6 komodo dragons
  A guardian mummy (Zot:3)
  A meliai (D:12)
  15 trolls
  6 polar bears
  2 red devils (Orc:2)
  A wind drake (shapeshifter) (Elf:2)
  A hellwing (D:14)
  14 blink frogs
  32 merfolk
  14 hornets
  Grinder (D:4)
  4 tyrant leeches
  65 saltlings (Desolation)
  A tarantella (Vaults:4)
  8 wind drakes
  2 glass eyes
  9 snapping turtles
  8 dream sheep
  4 air elementals
  Sigmund (D:4)
  23 slime creatures
  3 shadows (D:12)
  4 spriggans
  6 wraiths
  A culicivora (Vaults:4)
  A spriggan (shapeshifter) (D:14)
  11 yaks
  15 water elementals
  12 humans
  A vampire (D:13)
  A fire elemental (Elf:3)
  15 wyverns
  4 basilisks
  3 wargs
  A death yak simulacrum (IceCv)
  A neqoxec (D:15)
  2 steam dragons
  6 vampire mosquitoes
  A chaos spawn (Orc:2)
  8 redbacks
  2 redbacks (shapeshifter)
  Menkaure (D:7)
  4 swamp worms (Snake:1)
  48 nagas
  23 water moccasins
  Duvessa (D:4)
  3 acid dragons
  38 orc warriors
  2 swamp drakes
  An ice beast (D:5)
  A sky beast (D:6)
  3 black bears
  36 wolves
  6 ogres
  A boggart (Elf:1)
  15 centaurs
  A phantom (D:6)
  2 kobold brigands
  A brain worm (shapeshifter) (Vaults:4)
  9 bullfrogs
  An earth elemental (Elf:2)
  2 gnoll sergeants
  A scorpion (D:5)
  17 wights
  Dowan (D:4)
  23 killer bees
  4 howler monkeys
  2 lava snakes (Lair:2)
  A crimson imp (D:5)
  A hound (D:5)
  25 orc priests
  2 gnoll boudas
  2 iguanas
  A sleepcap (D:5)
  22 orc wizards
  3 hell rats (Lair:2)
  A polar bear simulacrum (IceCv)
  A wolf simulacrum (IceCv)
  Robin (D:4)
  8 gnolls
  2 adders
  3 river rats (Lair:2)
  A shadow imp (D:7)
  14 white imps
  2 worms
  2 dart slugs
  85 orcs
  4 bats
  3 endoplasms
  23 goblins
  10 hobgoblins
  8 jackals (D:1)
  13 kobolds
  4 quokkas
  7 ball pythons
  2 frilled lizards
  16 rats
  5 tentacles
2181 creatures vanquished.

Vanquished Creatures (others)
  2 ghost moths
  A vault guard (D:13)
  A deep elf knight (Elf:1)
  A deep elf pyromancer (Elf:2)
  A water elemental (Elf:3)
  A centaur (D:8)
  An orc wizard (Vaults:5)
  11 tentacles
19 creatures vanquished.

Grand Total: 2200 creatures vanquished

Notes
Turn   | Place    | Note
-------+----------+-------------------------------------------
     0 | D:1      | PublicAnimeNo1 the Minotaur Fighter began the quest for the
                  | Orb.
     0 | D:1      | Reached XP level 1. HP: 19/19 MP: 0/0
   117 | D:1      | Reached XP level 2. HP: 27/27 MP: 1/1
   144 | D:1      | Found Osous's Book Boutique.
   165 | D:1      | Reached skill level 3 in Long Blades
   287 | D:1      | Found Rohost's Weapon Emporium.
   312 | D:1      | Reached XP level 3. HP: 32/33 MP: 2/2
   345 | D:1      | Found Wieraf Asao's Antique Weapon Shop.
   765 | D:2      | Found a white marble altar of Elyvilon.
  1299 | D:3      | Reached XP level 4. HP: 39/40 MP: 3/3
  1924 | D:4      | Reached skill level 4 in Long Blades
  1927 | D:4      | Noticed Grinder
  1934 | D:4      | Killed Grinder
  1935 | D:4      | Reached skill level 5 in Long Blades
  1935 | D:4      | Reached XP level 5. HP: 16/47 MP: 4/4
  1935 | D:4      | Reached XP level 6. HP: 19/55 MP: 5/5
  2071 | D:4      | Found a glowing silver altar of Zin.
  2172 | D:4      | Noticed Sigmund
  2194 | D:4      | Killed Sigmund
  2195 | D:4      | Reached skill level 5 in Fighting
  2195 | D:4      | Reached skill level 5 in Armour
  2195 | D:4      | Reached skill level 5 in Shields
  2316 | D:4      | Found a staircase to the Ecumenical Temple.
  2316 | D:4      | Noticed Robin
  2353 | D:4      | Killed Robin
  2428 | D:4      | Noticed Dowan
  2434 | D:4      | Noticed Duvessa
  2449 | D:4      | Gained mutation: You do not regenerate when monsters are
                  | visible. [potion of mutation]
  2449 | D:4      | Gained mutation: Your spells are a little easier to cast,
                  | but a little less powerful. [potion of mutation]
  2449 | D:4      | Gained mutation: Your magical capacity is low. (-10% MP)
                  | [potion of mutation]
  2450 | D:4      | Killed Duvessa
  2451 | D:4      | Reached skill level 6 in Long Blades
  2451 | D:4      | Reached XP level 7. HP: 20/61 MP: 5/5
  2454 | D:4      | Killed Dowan
  3039 | Temple   | Entered the Ecumenical Temple
  3042 | Temple   | Became a worshipper of Warmaster Okawaru
  3109 | D:5      | Entered Level 5 of the Dungeon
  3127 | D:5      | Lost mutation: Your spells are a little easier to cast, but
                  | a little less powerful. [potion of mutation]
  3127 | D:5      | Lost mutation: Your magical capacity is low. (-10% MP)
                  | [potion of mutation]
  3127 | D:5      | Gained mutation: Your mind is acute. (Int +4, Str/Dex -1)
                  | [potion of mutation]
  3127 | D:5      | Gained mutation: You occasionally lose the ability to drink
                  | potions when taking damage. [potion of mutation]
  3127 | D:5      | Gained mutation: You are partially covered in large bone
                  | plates. (SH +4) [potion of mutation]
  3139 | D:5      | Reached skill level 7 in Long Blades
  3266 | D:5      | Found a burning altar of Makhleb.
  3274 | D:5      | Reached XP level 8. HP: 70/70 MP: 7/7
  3485 | D:5      | Reached skill level 1 in Dodging
  3575 | D:5      | Noticed a +0 spear
  3576 | D:5      | Noticed a +0 short sword
  3576 | D:5      | Noticed a +0 falchion
  3576 | D:5      | Noticed a +0 falchion
  3577 | D:5      | Noticed a +0 spear
  3578 | D:5      | Noticed a +0 dagger
  3578 | D:5      | Noticed a +0 short sword
  3578 | D:5      | Noticed a +0 dagger
  3757 | D:5      | Found a hide-covered altar of Uskayaw.
  3943 | D:6      | Reached skill level 8 in Long Blades
  3988 | D:6      | Reached * piety under Okawaru
  4034 | D:6      | Noticed Pikel
  4056 | D:6      | Killed Pikel
  4056 | D:6      | Reached ** piety under Okawaru
  4057 | D:6      | Reached skill level 9 in Long Blades
  4057 | D:6      | Reached XP level 9. HP: 55/79 MP: 8/8
  4308 | D:6      | Found an ancient bone altar of Kikubaaqudgha.
  4426 | D:7      | Identified the +6 dagger of Friendship {venom, rPois Will-
                  | Str-2 Int+7}
  4435 | D:7      | Noticed Menkaure
  4448 | D:7      | Killed Menkaure
  5024 | D:7      | Noticed a two-headed ogre
  5024 | D:7      | Noticed a two-headed ogre
  5217 | D:8      | Noticed Psyche
  5220 | D:8      | Killed Psyche
  5221 | D:8      | Reached skill level 10 in Long Blades
  5237 | D:8      | Reached *** piety under Okawaru
  5578 | D:8      | Reached skill level 5 in Dodging
  5739 | D:8      | Noticed a two-headed ogre
  5751 | D:8      | Killed a two-headed ogre
  5752 | D:8      | Reached skill level 11 in Long Blades
  5752 | D:8      | Reached XP level 10. HP: 72/90 MP: 6/9
  5837 | D:8      | Noticed Erica
  5845 | D:8      | Killed Erica
  6195 | D:9      | Reached **** piety under Okawaru
  6406 | D:9      | Reached skill level 12 in Long Blades
  6413 | D:9      | Noticed a two-headed ogre
  6414 | D:9      | Found a runed translucent door.
  6414 | D:9      | Noticed a cyclops
  6424 | D:9      | Killed a two-headed ogre
  6426 | D:9      | Noticed cinnamon's ghost (novice GnFi)
  6542 | D:9      | Found a flagged portal.
  6641 | Bailey   | Entered a bailey
  6794 | Bailey   | Reached ***** piety under Okawaru
  7023 | Bailey   | Reached XP level 11. HP: 65/99 MP: 10/10
  7034 | Bailey   | Reached skill level 13 in Long Blades
  7226 | Bailey   | Reached skill level 10 in Fighting
  7235 | Bailey   | Reached skill level 10 in Armour
  7515 | D:9      | Found the +7 Kryia's mail coat {PotionHeal*2 rC+}
  7800 | D:9      | Found a stormy altar of Qazlal.
  8228 | D:10     | Entered Level 10 of the Dungeon
  8600 | D:10     | Found a staircase to the Lair.
  8607 | D:10     | Noticed Harold
  8611 | D:10     | Received a gift from Okawaru
  8625 | D:10     | Killed Harold
  8716 | D:10     | Found an opulent altar of Gozag.
  8982 | D:10     | Found a sacrificial altar of Ru.
  9036 | Lair:1   | Entered Level 1 of the Lair of Beasts
  9062 | Lair:1   | Reached skill level 14 in Long Blades
  9103 | Lair:1   | Reached skill level 1 in Throwing
  9109 | Lair:1   | Reached skill level 1 in Evocations
  9111 | Lair:1   | Reached skill level 10 in Shields
  9179 | Lair:1   | Received a gift from Okawaru
  9339 | Lair:1   | Found a frozen archway.
  9344 | Lair:1   | Found a gate leading to a gauntlet.
  9372 | Gauntlet | Entered a Gauntlet
  9372 | Gauntlet | Found a transporter.
  9375 | Gauntlet | Found a transporter.
  9376 | Gauntlet | Noticed a thrashing horror
  9376 | Gauntlet | Noticed a sixfirhy
  9377 | Gauntlet | Found a transporter.
  9377 | Gauntlet | Noticed a sixfirhy
  9380 | Gauntlet | Noticed a thrashing horror
  9391 | Gauntlet | Found a transporter.
  9399 | Gauntlet | Found a transporter.
  9399 | Gauntlet | Found a transporter.
  9401 | Gauntlet | Noticed an orange crystal statue
  9425 | Gauntlet | Found a transporter.
  9432 | Gauntlet | Reached skill level 1 in Invocations
  9446 | Gauntlet | Reached XP level 12. HP: 60/110 MP: 2/11
  9500 | Gauntlet | Noticed a minotaur
  9500 | Gauntlet | Found the ring of the Hare {EV+10}
  9508 | Gauntlet | Killed a minotaur
  9509 | Gauntlet | Identified the +2 battleaxe "Beetleslayer" {heavy, rC++
                  | Dex+2}
  9509 | Gauntlet | Identified the staff of Dithmenos's Hope {rElec rPois rC+
                  | Will+ Int+3 Poison}
  9546 | IceCv    | Entered an ice cave
  9710 | IceCv    | Found a transporter.
  9722 | IceCv    | Found a transporter.
  9877 | Lair:1   | Reached ****** piety under Okawaru
  9877 | Lair:1   | Received a gift from Okawaru
  9921 | Lair:1   | Acquired a +2 demon blade of draining
  9921 | Lair:1   | Received a gift from Okawaru
  9923 | Lair:1   | Acquired the +9 crystal plate armour of Indecent Exposure
                  | {rN+ Stlth+}
  9923 | Lair:1   | Received a gift from Okawaru
 10494 | Lair:2   | Lost mutation: You are partially covered in large bone
                  | plates. (SH +4) [potion of mutation]
 10494 | Lair:2   | Lost mutation: You occasionally lose the ability to drink
                  | potions when taking damage. [potion of mutation]
 10494 | Lair:2   | Gained mutation: You are vulnerable to heat. (rF-) [potion
                  | of mutation]
 10494 | Lair:2   | Gained mutation: You are covered in fur. (AC +1) [potion of
                  | mutation]
 10670 | Lair:2   | Found a staircase to the Shoals.
 11311 | Lair:2   | Received a gift from Okawaru
 11524 | Lair:3   | Reached skill level 5 in Throwing
 11929 | Lair:3   | Reached XP level 13. HP: 99/119 MP: 1/15
 12071 | Lair:3   | Reached skill level 5 in Invocations
 12168 | Lair:3   | Received a gift from Okawaru
 12330 | Lair:3   | Noticed Nessos
 12372 | Lair:3   | Killed Nessos
 13327 | Lair:4   | Received a gift from Okawaru
 14205 | Lair:5   | Entered Level 5 of the Lair of Beasts
 14548 | Lair:5   | Reached skill level 15 in Shields
 15073 | Lair:5   | Found a staircase to the Slime Pits.
 15521 | Lair:5   | Received a gift from Okawaru
 15741 | Lair:5   | Reached XP level 14. HP: 129/129 MP: 18/18
 17684 | D:12     | Received a gift from Okawaru
 17905 | D:12     | Noticed a tengu reaver
 18323 | D:12     | Identified the +6 spear of Wariness {holy, rF+ Will+ Str+4}
 18464 | D:12     | Killed a tengu reaver
 18777 | D:12     | Noticed Jorgrun
 18794 | D:12     | Killed Jorgrun
 18794 | D:12     | Received a gift from Okawaru
 18918 | D:12     | Reached skill level 10 in Throwing
 19228 | D:12     | Found a staircase to the Orcish Mines.
 19269 | D:12     | Identified the +0 dagger "Pituzon" {vamp, rC++}
 19438 | Orc:1    | Entered Level 1 of the Orcish Mines
 19625 | Orc:2    | Entered Level 2 of the Orcish Mines
 19821 | Orc:2    | Found a shimmering blue altar of Sif Muna.
 20199 | Orc:2    | Noticed Josephine
 20210 | Orc:2    | Killed Josephine
 20628 | Orc:2    | Received a gift from Okawaru
 20764 | Orc:2    | Found Woupnaur's Magic Scroll Shoppe.
 20765 | Orc:2    | Found Ushefyma's Magic Scroll Emporium.
 20776 | Orc:2    | Reached XP level 15. HP: 124/139 MP: 17/20
 21131 | Orc:2    | Bought a scroll of blinking for 97 gold pieces
 21133 | Orc:2    | Bought a scroll of enchant weapon for 120 gold pieces
 21385 | Orc:2    | Found a staircase to the Elven Halls.
 21666 | Orc:2    | Found Jihoenn's Jewellery Boutique.
 21666 | Orc:2    | Found Odap's Antique Armour Shop.
 21667 | Orc:2    | Found a one-way gate leading to the halls of Pandemonium.
 21928 | D:13     | Received a gift from Okawaru
 21978 | D:13     | Identified the +4 ring mail of Ru's Approval {^Drain rPois
                  | Stlth+}
 22052 | D:13     | Reached skill level 15 in Fighting
 22332 | D:13     | Reached skill level 15 in Armour
 22503 | D:13     | Found a gate to the Vaults.
 22738 | D:14     | Noticed Roxanne
 22845 | D:14     | Lost mutation: You are covered in fur. (AC +1) [potion of
                  | mutation]
 22845 | D:14     | Lost mutation: You do not regenerate when monsters are
                  | visible. [potion of mutation]
 22845 | D:14     | Gained mutation: You are frail. (-10% HP) [potion of
                  | mutation]
 22845 | D:14     | Gained mutation: You possess an exceptional clarity of
                  | mind. [potion of mutation]
 22845 | D:14     | Gained mutation: You have a pair of large horns on your
                  | head. [potion of mutation]
 23274 | D:14     | Received a gift from Okawaru
 23577 | D:14     | Found the +3 salamander hide armour {Flames, rFlCloud rF++
                  | rC--}
 23677 | D:15     | Entered Level 15 of the Dungeon
 23692 | D:15     | Identified the ring "Woof" {Wiz Int+4 SInv}
 23952 | D:15     | Found a staircase to the Depths.
 24007 | D:15     | Received a gift from Okawaru
 24078 | D:15     | Found a transporter.
 24083 | D:15     | Found a transporter.
 24095 | D:15     | Noticed foff's ghost (journeyman GrIE)
 24198 | D:15     | Found a white marble altar of Elyvilon.
 24373 | D:15     | Noticed Kirke
 24385 | D:15     | Killed Kirke
 24863 | Lair:2   | Found a staircase to the Snake Pit.
 24876 | Snake:1  | Entered Level 1 of the Snake Pit
 25043 | Snake:1  | Noticed a thorn hunter
 25088 | Snake:1  | Killed a thorn hunter
 25088 | Snake:1  | Received a gift from Okawaru
 25089 | Snake:1  | Reached XP level 16. HP: 122/135 MP: 0/22
 25112 | Snake:1  | Noticed a thorn hunter
 25117 | Snake:1  | Noticed a thorn hunter
 25136 | Snake:1  | Killed a thorn hunter
 25199 | Snake:1  | Killed a thorn hunter
 25363 | Snake:1  | Reached skill level 10 in Invocations
 25621 | Snake:2  | Found a sparkling altar of Nemelex Xobeh.
 25697 | Snake:2  | Found Nophuiso's Jewellery Emporium.
 25697 | Snake:2  | Found Soafaiba's Book Boutique.
 25701 | Snake:2  | Found Cajerghe's Book Boutique.
 25715 | Snake:2  | Received a gift from Okawaru
 25902 | Snake:2  | Bought the ring "Finaas" {+Blink rPois rF+ rN++ rCorr} for
                  | 1008 gold pieces
 25910 | Snake:2  | Bought a manual of Long Blades for 1280 gold pieces
 26182 | Snake:2  | Found a transporter.
 26228 | Snake:2  | Found a transporter.
 26528 | Snake:1  | Identified the serpent talisman of Lust {rF+ Will- SInv}
 26528 | Snake:1  | Noticed Aizul
 26541 | Snake:1  | Killed Aizul
 26952 | Snake:3  | Reached skill level 15 in Long Blades
 27071 | Snake:3  | Received a gift from Okawaru
 27760 | Snake:3  | Received a gift from Okawaru
 28147 | Snake:4  | Entered Level 4 of the Snake Pit
 28204 | Snake:4  | Lost mutation: Your mind is acute. (Int +4, Str/Dex -1)
                  | [potion of mutation]
 28204 | Snake:4  | Lost mutation: You are frail. (-10% HP) [potion of
                  | mutation]
 28204 | Snake:4  | Lost mutation: You have a pair of large horns on your head.
                  | [potion of mutation]
 28204 | Snake:4  | Gained mutation: Your muscles are strong. (Str +4, Int/Dex
                  | -1) [potion of mutation]
 28204 | Snake:4  | Gained mutation: You are partially covered in iridescent
                  | scales. (AC +2) [potion of mutation]
 28204 | Snake:4  | Gained mutation: You have supernaturally acute eyesight.
                  | (SInv) [potion of mutation]
 28439 | Snake:4  | Reached XP level 17. HP: 160/160 MP: 19/23
 28484 | Snake:4  | Reached skill level 16 in Long Blades
 28749 | Snake:4  | Received a gift from Okawaru
 29439 | Snake:4  | Received a gift from Okawaru
 29675 | Snake:4  | Reached skill level 17 in Long Blades
 30533 | Snake:4  | Got a serpentine rune of Zot
 30681 | Snake:4  | Received a gift from Okawaru
 31244 | Vaults:1 | Entered Level 1 of the Vaults
 31434 | Vaults:1 | Received a gift from Okawaru
 31449 | Vaults:1 | Reached skill level 18 in Long Blades
 31459 | Vaults:1 | Reached skill level 15 in Throwing
 31484 | Vaults:1 | Lost mutation: You possess an exceptional clarity of mind.
                  | [potion of mutation]
 31484 | Vaults:1 | Lost mutation: You are partially covered in iridescent
                  | scales. (AC +2) [potion of mutation]
 31484 | Vaults:1 | Lost mutation: Your muscles are strong. (Str +4, Int/Dex
                  | -1) [potion of mutation]
 31484 | Vaults:1 | Gained mutation: You are occasionally teleported next to
                  | monsters. [potion of mutation]
 31484 | Vaults:1 | Gained mutation: You are dopey. (Int -2) [potion of
                  | mutation]
 31521 | Vaults:1 | Found a glowing golden altar of the Shining One.
 31521 | Vaults:1 | Found a crumbling gateway.
 31521 | Vaults:1 | Found a glowing silver altar of Zin.
 31537 | Vaults:1 | Found a white marble altar of Elyvilon.
 31561 | Vaults:1 | Reached XP level 18. HP: 157/171 MP: 14/24
 31566 | Desolati | Entered the Desolation of Salt
 31722 | Desolati | Identified the quicksilver dragon scales of the Doldrums
                  | {rPois rC- Will+ rCorr}
 31723 | Desolati | Identified the ring of Conformity {rPois rF+ rN+ Int+6}
 31737 | Desolati | Identified the staff of Pimuano {rN+ Dex+3 Necro}
 31780 | Desolati | Identified the +2 ring mail of Defiance {rF+}
 31884 | Desolati | Received a gift from Okawaru
 32047 | Desolati | Identified the +0 chain mail "Heota" {rCorr Stlth+}
 32261 | Desolati | Reached skill level 19 in Long Blades
 32524 | Desolati | Received a gift from Okawaru
 32606 | Desolati | Identified the amulet of Astry {Acrobat rElec}
 32617 | Desolati | Identified the amulet "Ublaqus" {Acrobat rF+ Str+4}
 33837 | Vaults:1 | Received a gift from Okawaru
 35332 | Vaults:2 | Reached skill level 20 in Long Blades
 35418 | Vaults:2 | Received a gift from Okawaru
 35560 | Vaults:2 | Reached XP level 19. HP: 133/181 MP: 20/25
 36561 | Vaults:3 | Found a flickering gateway to a bazaar.
 36568 | Bazaar   | Entered a bazaar
 36568 | Bazaar   | Found Coczufudd's General Store.
 36568 | Bazaar   | Found Vaewimn's Distillery.
 36569 | Bazaar   | Upgraded the game from 0.31-a0-1309-gbf3fed3 to
                  | 0.31-a0-1317-gdfb52cb
 36570 | Bazaar   | Found Lonyec's Distillery.
 36576 | Bazaar   | Bought a scroll of teleportation for 27 gold pieces
 36580 | Bazaar   | Bought a potion of mutation for 120 gold pieces
 36580 | Bazaar   | Bought a potion of mutation for 120 gold pieces
 36580 | Bazaar   | Bought a potion of heal wounds for 75 gold pieces
 36580 | Bazaar   | Bought a potion of heal wounds for 75 gold pieces
 36580 | Bazaar   | Bought a potion of curing for 45 gold pieces
 36580 | Bazaar   | Bought a potion of curing for 45 gold pieces
 36580 | Bazaar   | Lost mutation: You have supernaturally acute eyesight.
                  | (SInv) [potion of mutation]
 36580 | Bazaar   | Lost mutation: You are dopey. (Int -2) [potion of mutation]
 36580 | Bazaar   | Lost mutation: You are occasionally teleported next to
                  | monsters. [potion of mutation]
 36580 | Bazaar   | Gained mutation: Your muscles are strong. (Str +4, Int/Dex
                  | -1) [potion of mutation]
 36580 | Bazaar   | Gained mutation: You are vulnerable to cold. (rC-) [potion
                  | of mutation]
 36580 | Bazaar   | Gained mutation: You expend magic power (3 MP) to
                  | strengthen your wands. [potion of mutation]
 36581 | Bazaar   | Lost mutation: You expend magic power (3 MP) to strengthen
                  | your wands. [potion of mutation]
 36581 | Bazaar   | Lost mutation: You are vulnerable to heat. (rF-) [potion of
                  | mutation]
 36581 | Bazaar   | Lost mutation: You are vulnerable to cold. (rC-) [potion of
                  | mutation]
 36581 | Bazaar   | Gained mutation: You are frail. (-10% HP) [potion of
                  | mutation]
 36581 | Bazaar   | Gained mutation: You are somewhat resistant to further
                  | mutation. [potion of mutation]
 36588 | Bazaar   | Found Elixt's Magic Scroll Emporium.
 36592 | Bazaar   | Bought a potion of mutation for 56 gold pieces
 36592 | Bazaar   | Lost mutation: You are frail. (-10% HP) [potion of
                  | mutation]
 36592 | Bazaar   | Lost mutation: Your muscles are strong. (Str +4, Int/Dex
                  | -1) [potion of mutation]
 36592 | Bazaar   | Lost mutation: You are somewhat resistant to further
                  | mutation. [potion of mutation]
 36592 | Bazaar   | Gained mutation: You are agile. (Dex +4, Str/Int -1)
                  | [potion of mutation]
 36592 | Bazaar   | Gained mutation: You are frail. (-10% HP) [potion of
                  | mutation]
 36599 | Bazaar   | Bought a scroll of teleportation for 36 gold pieces
 36743 | Vaults:3 | Received a gift from Okawaru
 36946 | Vaults:3 | Found a staircase to the Crypt.
 37850 | Vaults:3 | Found a runed translucent gate.
 37850 | Vaults:3 | Found a runed translucent gate.
 37850 | Vaults:3 | Found a runed translucent gate.
 37854 | Vaults:3 | Noticed Ycago's ghost (veteran GrGl)
 38575 | Vaults:4 | Received a gift from Okawaru
 39147 | Vaults:4 | Received a gift from Okawaru
 39607 | Vaults:4 | Received a gift from Okawaru
 39866 | Vaults:4 | Reached XP level 20. HP: 166/173 MP: 1/27
 40397 | Vaults:4 | Identified the +6 war axe of Wariness {flame, *Rage rElec
                  | MP+9}
 40516 | Vaults:5 | Entered Level 5 of the Vaults
 40521 | Vaults:5 | Noticed Xtahua
 40529 | Vaults:5 | Received a gift from Okawaru
 40530 | Vaults:5 | Reached skill level 5 in Evocations
 40533 | Vaults:5 | Paralysed by Xtahua for 4 turns
 40563 | Vaults:4 | Killed Xtahua
 40852 | Vaults:5 | Identified the +8 mace "Mezytab" {flame, +Blink}
 41056 | Vaults:5 | Noticed a dread lich
 41071 | Vaults:5 | Killed a dread lich
 41082 | Vaults:5 | Received a gift from Okawaru
 41093 | Vaults:5 | Identified the +9 hand axe "Jellyslayer" {freeze, Will+}
 41094 | Vaults:5 | Noticed a golden dragon
 41095 | Vaults:5 | Noticed a golden dragon
 41293 | Vaults:4 | Killed a golden dragon
 41343 | Arena    | Entered the Arena
 41783 | Depths:1 | Entered Level 1 of the Depths
 41991 | Depths:1 | Identified a scroll of acquirement
 42021 | Depths:1 | Acquired the amulet "Sosu" {Reflect rElec Will++ rCorr SH+5
                  | Stlth-}
 42111 | Depths:1 | Received a gift from Okawaru
 42313 | Depths:1 | Identified the +10 shadow dragon scales "Gune" {rF+++ Str+4
                  | Int-4 Stlth++++}
 42418 | Depths:1 | Found a gateway to Hell.
 42418 | Depths:1 | Noticed a bone dragon
 42476 | Depths:1 | Killed a bone dragon
 42645 | Depths:1 | You fall into a shaft and drop 1 floor!
 42954 | Depths:2 | Identified the dragon-blood talisman of Whack-A-Mole
                  | {Str+3}
 42954 | Depths:2 | Noticed Bai Suzhen
 42959 | Depths:2 | Reached XP level 21. HP: 172/181 MP: 9/28
 43010 | Depths:2 | Killed Bai Suzhen
 43285 | Depths:2 | Received a gift from Okawaru
 43304 | Depths:2 | Noticed a golden dragon
 43304 | Depths:2 | Noticed a golden dragon
 43319 | Depths:2 | Killed a golden dragon
 43324 | Depths:2 | Killed a golden dragon
 43747 | Depths:2 | Received a gift from Okawaru
 45041 | Depths:1 | Found a one-way gateway to a ziggurat.
 45273 | Depths:1 | Received a gift from Okawaru
 45928 | Depths:3 | Noticed Sojobo
 46057 | Depths:3 | Found a one-way gate to the infinite horrors of the Abyss.
 46246 | Depths:3 | Identified the ring "Noelughi" {Will+ Str+3}
 46349 | Depths:3 | Received a gift from Okawaru
 46490 | Depths:3 | Noticed Parghit
 46590 | Depths:3 | Killed Parghit
 46641 | Depths:3 | Noticed a golden dragon
 46651 | Depths:3 | Killed a golden dragon
 46845 | Depths:3 | Reached XP level 22. HP: 161/191 MP: 25/30
 47094 | Depths:3 | Received a gift from Okawaru
 47221 | Depths:3 | Noticed a golden dragon
 47228 | Depths:3 | Killed a golden dragon
 47232 | Depths:3 | Reached skill level 10 in Dodging
 47504 | Depths:3 | Killed Sojobo
 47755 | Depths:3 | Received a gift from Okawaru
 47770 | Depths:3 | Identified the +2 leather armour of Insecurity {rF+}
 47888 | Depths:3 | Found a radiant altar of Vehumet.
 48112 | Depths:3 | Found a portal to a secret trove of treasure.
 49692 | Vaults:4 | Received a gift from Okawaru
 49949 | Vaults:5 | Killed a golden dragon
 50681 | Vaults:5 | Got a silver rune of Zot
 50994 | Vaults:5 | Noticed Boris
 51009 | Vaults:5 | Killed Boris
 51149 | Vaults:5 | Got Umoronu's Vellum of the Squall
 51251 | Vaults:5 | Got the Reference Book on Chilling Fumes
 51267 | Vaults:5 | Identified the ring "Kemauq" {^Contam Fly rCorr Int+7}
 51274 | Vaults:5 | Got the Precepts of the Petrous Union
 51695 | Elf:1    | Entered Level 1 of the Elven Halls
 52098 | Elf:1    | Identified the +5 rapier of Fragile Peace {freeze, rPois
                  | rC+}
 52203 | Elf:1    | Received a gift from Okawaru
 52609 | Elf:1    | Identified the +0 morningstar "Embalmer" {venom, rF+ Will+
                  | MP+9 SInv}
 52973 | Elf:2    | Paralysed by an air elemental for 1 turns
 52984 | Elf:2    | Paralysed by an air elemental for 1 turns
 53381 | Elf:2    | Reached XP level 23. HP: 199/199 MP: 29/32
 53484 | Elf:2    | Found Reocs's Antique Armour Emporium.
 53515 | Elf:2    | Bought a pair of runed gloves for 315 gold pieces
 53742 | Elf:2    | Received a gift from Okawaru
 53744 | Elf:2    | Found a runed translucent gate.
 53745 | Elf:2    | Found a runed translucent gate.
 53745 | Elf:2    | Found a runed translucent gate.
 54234 | Elf:3    | Entered Level 3 of the Elven Halls
 54276 | Elf:3    | Found Weesucesch's Magic Scroll Shoppe.
 54387 | Elf:3    | Lost mutation: You are frail. (-10% HP) [potion of
                  | mutation]
 54387 | Elf:3    | Lost mutation: You are agile. (Dex +4, Str/Int -1) [potion
                  | of mutation]
 54387 | Elf:3    | Gained mutation: You are strong-willed. (Will+) [potion of
                  | mutation]
 54387 | Elf:3    | Gained mutation: Your muscles are strong. (Str +4, Int/Dex
                  | -1) [potion of mutation]
 54387 | Elf:3    | Gained mutation: You are vulnerable to heat. (rF-) [potion
                  | of mutation]
 54532 | Elf:3    | Received a gift from Okawaru
 54553 | Elf:3    | Reached skill level 10 in Evocations
 55134 | Elf:3    | Identified the +4 sling of Death's Door {drain, Fly rF+
                  | Dex-5 Stlth+}
 55137 | Elf:3    | Identified the amulet of the Magpie {Spirit SInv}
 55141 | Elf:3    | Identified the +7 long sword of Bodily Harmony {heavy,
                  | *Rage rC+ rN+ Int+3}
 55148 | Elf:3    | Identified the +10 trident of Cusaxuv {flame, Stlth+}
 55162 | Elf:3    | Lost mutation: Your muscles are strong. (Str +4, Int/Dex
                  | -1) [potion of mutation]
 55162 | Elf:3    | Lost mutation: You are strong-willed. (Will+) [potion of
                  | mutation]
 55162 | Elf:3    | Lost mutation: You are vulnerable to heat. (rF-) [potion of
                  | mutation]
 55162 | Elf:3    | Gained mutation: Your spells are a little harder to cast,
                  | but a little more powerful. [potion of mutation]
 55162 | Elf:3    | Gained mutation: Your muscles are strong. (Str +4, Int/Dex
                  | -1) [potion of mutation]
 55162 | Elf:3    | Gained mutation: Your muscles are very strong. (Str +8,
                  | Int/Dex -2) [potion of mutation]
 55322 | Elf:3    | Identified the +2 pair of boots of the Wilderness {Will+
                  | Slay+3 Stlth+}
 55341 | Elf:3    | Identified the staff "Vuhuon" {rElec rC++ Int-4 Summ Earth}
 55872 | Elf:3    | Paralysed by an air elemental for 1 turns
 56262 | Shoals:1 | Entered Level 1 of the Shoals
 56804 | Shoals:2 | Noticed Ilsuiw
 56826 | Shoals:2 | Killed Ilsuiw
 56830 | Shoals:2 | Received a gift from Okawaru
 57276 | Shoals:2 | Noticed Miffien's ghost (adept GnWn)
 57281 | Shoals:2 | Found a transporter.
 57325 | Shoals:2 | Found a transporter.
 57482 | Shoals:2 | Killed Miffien's ghost
 57653 | Shoals:2 | Reached XP level 24. HP: 231/231 MP: 33/33
 57755 | Shoals:2 | Found Ceitih's Book Shop.
 57763 | Shoals:2 | Bought a manual of Long Blades for 1280 gold pieces
 58107 | Shoals:3 | Reached skill level 15 in Invocations
 58482 | Shoals:3 | Noticed Mara
 58491 | Shoals:3 | Noticed PublicAnimeNo1's illusion
 58504 | Shoals:3 | Noticed PublicAnimeNo1's illusion
 58512 | Shoals:3 | Noticed PublicAnimeNo1's illusion
 58534 | Shoals:3 | Killed Mara
 58534 | Shoals:3 | Received a gift from Okawaru
 58963 | Shoals:3 | Found Yleowin's Antique Armour Shoppe.
 58982 | Shoals:3 | Bought a runed hat for 301 gold pieces
 59304 | Shoals:4 | Entered Level 4 of the Shoals
 59866 | Shoals:4 | Reached skill level 21 in Long Blades
 59972 | Shoals:4 | Got a barnacled rune of Zot
 60337 | Shoals:4 | Reached XP level 25. HP: 232/238 MP: 30/33
 61018 | Depths:4 | Entered Level 4 of the Depths
 61268 | Depths:4 | Identified the +9 short sword "Denusteh" {venom, +Blink
                  | Int+3 Dex+2}
 61294 | Depths:4 | Received a gift from Okawaru
 61425 | Depths:4 | Found Ynutsitu's Jewellery Shop.
 61428 | Depths:4 | Found Ikeclaol's Armour Shop.
 61428 | Depths:4 | Found Jafesun's Distillery.
 61432 | Depths:4 | Found Qoacouw's Jewellery Boutique.
 61512 | Depths:4 | Bought a potion of curing for 42 gold pieces
 61512 | Depths:4 | Bought a potion of curing for 42 gold pieces
 61512 | Depths:4 | Bought a potion of heal wounds for 70 gold pieces
 62685 | Depths:4 | Found a gate to the Realm of Zot.
 62787 | Depths:4 | Found Rium's General Store.
 62793 | Depths:4 | Received a gift from Okawaru
 62823 | Depths:4 | Bought a scroll of teleportation for 63 gold pieces
 62823 | Depths:4 | Bought a scroll of fog for 84 gold pieces
 63022 | Depths:3 | You paid a toll of 15 potions of curing to enter a treasure
                  | trove
 63023 | Trove    | Entered a treasure trove
 63025 | Trove    | Found a bloodstained altar of Trog.
 63050 | Trove    | Identified the +0 orcbow "Onwin" {elec, Str+4 Int+3}
 63073 | Trove    | Found the +8 autumn katana {manifold assault}
 63135 | Zot:1    | Entered Level 1 of the Realm of Zot
 63926 | Zot:2    | Reached skill level 22 in Long Blades
 64277 | Zot:2    | Received a gift from Okawaru
 64679 | Zot:2    | Identified the +1 cloak "Sarimnus" {Will- Str+6 SInv}
 64692 | Zot:2    | Found a bloodstained altar of Trog.
 64696 | Zot:2    | Noticed Plog's ghost (master TrFi)
 64699 | Zot:2    | Found a transporter.
 64704 | Zot:2    | Found a transporter.
 64710 | Zot:2    | Identified the +2 cloak "Yppeuryt" {rPois Dex+2}
 65468 | Zot:3    | Reached skill level 15 in Dodging
 65660 | Zot:3    | Acquired the +1 cloak of Death Resistance {rC+ Str+3}
 65714 | Zot:3    | Identified the +1 plate armour of Happy Babbling {^Contam
                  | rPois Int+3 Dex+2}
 65799 | Zot:3    | Received a gift from Okawaru
 66078 | Zot:3    | Reached skill level 23 in Long Blades
 66103 | Zot:3    | Noticed a Killer Klown
 66124 | Zot:3    | Killed a Killer Klown
 67183 | Zot:3    | Reached XP level 26. HP: 246/246 MP: 29/34
 67306 | Zot:3    | Received a gift from Okawaru
 67749 | Zot:4    | Found a transporter.
 67974 | Zot:4    | Received a gift from Okawaru
 68278 | Zot:4    | Found a transporter.
 68429 | Zot:4    | Reached skill level 24 in Long Blades
 68974 | Zot:4    | Paralysed by a Zot trap for 4 turns
 68992 | Zot:4    | Lost mutation: Your muscles are very strong. (Str +8,
                  | Int/Dex -2) [mutagenic glow]
 69005 | Zot:4    | Gained mutation: Your magical capacity is low. (-10% MP)
                  | [mutagenic glow]
 69297 | Zot:4    | Identified the ring "Iroifoel" {rN+ rCorr Str+5 Dex-4}
 69303 | Zot:4    | Identified the +7 falchion of Defenestration {speed, rCorr}
 69305 | Zot:4    | Identified the staff of Demonkind {rC+ Dex+4 Ice}
 69307 | Zot:4    | Identified the ring of New Discoveries {rElec rPois Str+6}
 69340 | Zot:5    | Entered Level 5 of the Realm of Zot
 69729 | Zot:5    | Gained mutation: You occasionally lose the ability to drink
                  | potions when taking damage. [mutagenic glow]
 69774 | Zot:5    | Lost mutation: You occasionally lose the ability to drink
                  | potions when taking damage. [mutagenic glow]
 69873 | Zot:5    | Noticed an ancient lich
 69890 | Zot:5    | Killed an ancient lich
 70152 | Zot:5    | Noticed a dread lich
 70152 | Zot:5    | Noticed an orb of fire
 70153 | Zot:5    | Gained mutation: Your mind is acute. (Int +4, Str/Dex -1)
                  | [an orb of fire]
 70158 | Zot:5    | Gained mutation: You are frail. (-10% HP) [an orb of fire]
 70162 | Zot:5    | Noticed an orb of fire
 70167 | Zot:5    | Gained mutation: Your body sometimes deteriorates upon
                  | taking damage. [an orb of fire]
 70168 | Zot:5    | Paralysed by a Zot trap for 5 turns
 70173 | Zot:5    | Noticed a dread lich
 70768 | Zot:5    | Received a gift from Okawaru
 70960 | Zot:5    | Killed an orb of fire
 71162 | Zot:5    | Noticed an orb of fire
 71658 | Zot:5    | Killed a dread lich
 71901 | Zot:5    | Received a gift from Okawaru
 71978 | Zot:5    | Reached skill level 25 in Long Blades
 72107 | Zot:5    | Got the Orb of Zot
 72111 | Zot:5    | Gained mutation: You are very frail. (-20% HP) [an orb of
                  | fire]
 72711 | D:$      | Escaped with the Orb!

Illustrated notes

Levels and vault maps discovered:
D:1:      elethiomel_arrival_quiet, layout_rooms, serial_shops, shop, shop,
          nicolae_shop_tiny_statue_garden
D:2:      layout_basic, basic_altar
D:3:      layout_basic
D:4:      layout_cave_pools, mainiacjoe_overflow_cross_hatched,
          minmay_temple_entry_statues_fountains, kennysheep_potato,
          uniq_duvessa, uniq_grinder, uniq_sigmund, uniq_robin
D:5:      layout_cave_pods, makhleb_grotto_becter, nicolae_uskayaw_en_pointe
D:6:      layout_gridville, kennysheep_little_box, uniq_pikel
D:7:      layout_rooms, grunt_temple_overflow_diamond, serial_corexii_hall,
          corexii_hall_statues_x, corexii_hall_statues_i,
          corexii_hall_statues_l, corexii_hall_statues_x,
          hellmonk_guarded_unrand_gyre_and_gimble, uniq_menkaure
D:8:      layout_rooms, uniq_psyche, uniq_erica
D:9:      layout_loops_cross, mainiacjoe_overflow_alcove_4, enter_bailey_5,
          ebering_ghost_inner_flame, patterned_corridor
D:10:     layout_rooms, nicolae_ru_the_path_less_chosen,
          mainiacjoe_overflow_surrounded_room, david_lair_generic,
          nicolae_nh_ransacked_shop, uniq_harold
D:11:     layout_loops_ring, minmay_fractal_squares_gapless_5
D:12:     nzn_winding_woodlands_cross [nzn_winding_woodlands_5x15_split_checker,
          nzn_winding_woodlands_5x15_twine, nzn_winding_woodlands_5x15_crooked,
          nzn_winding_woodlands_5x15_eye,
          nzn_winding_woodlands_15x15_five_gardens], layout_layer_cave,
          nicolae_twisting_strands, nicolae_letterblocks
          [nicolae_letter_subblock, nicolae_letter_subblock,
          nicolae_letter_subblock, nicolae_letter_subblock,
          nicolae_letter_subblock, nicolae_letter_subblock,
          nicolae_letter_subblock, nicolae_letter_subblock,
          nicolae_letter_subblock, nicolae_letter_subblock,
          nicolae_letter_subblock, nicolae_letter_subblock,
          nicolae_letter_subblock, nicolae_letter_subblock,
          nicolae_letter_subblock, nicolae_letter_subblock,
          nicolae_letter_subblock, nicolae_letter_subblock,
          nicolae_letter_subblock, nicolae_letter_subblock,
          nicolae_letter_subblock, nicolae_letter_subblock,
          nicolae_letter_subblock, nicolae_letter_subblock,
          nicolae_letter_subblock], uniq_jorgrun
D:13:     layout_cave_pools, ximxim_vaults_locker_room
D:14:     layout_roguey, hangedman_abyss_or_decor_lesser_grid,
          hellmonk_guarded_unrand_salamander, uniq_roxanne
D:15:     gammafunk_depths_entry_grave, layout_long_grid, gammafunk_ghost_hive,
          hangedman_abyss_or_decor_clamps, nicolae_elyvilon_temple_path,
          uniq_kirke
Temple:   nicolae_temple_hex_pool
Lair:1:   layout_gridlike, special_room [special_room_bee],
          gauntlet_entry_generic, portal_ice_cave_entry_imps, grunt_megastairs_3
Lair:2:   layout_regular_city, minmay_shoals_entry_lonely_mermaid,
          nicolae_snake_entry_warm_welcome, kennysheep_abandoned_house,
          lemuel_fruit_tree, infiniplex_staircase_pool_2
Lair:3:   layout_regular_city, dreamdust_gnoll_shepherd, serial_bayou_shore_b,
          uniq_nessos
Lair:4:   layout_regular_city, guppyfry_lair_drakes
Lair:5:   wormcave, layout_regular_city, hangedman_lair_tendril_chambers,
          slime_entry_1
Shoals:1: layout_shoals
Shoals:2: layout_shoals, gammafunk_ghost_arena, serial_shops, shop, uniq_ilsuiw
Shoals:3: cheibrodos_shoals_baths, layout_shoals, serial_shops,
          nicolae_shop_tiny_statue_garden, uniq_mara
Shoals:4: shoals_end_grunt_ice, layout_shoals, shoals_ilsuiw_alternative
Snake:1:  onia_ninara_swampy_vault, layout_layer_cave, drop_trap, st_stairs_6,
          uniq_aizul
Snake:2:  gammafunk_sealed_arena, layout_rooms, basic_altar, minmay_shop_grove
Snake:3:  layout_layer_cave, nicolae_snake_lava_pool
Snake:4:  grunt_snake_rune_spirals, layout_onion_interference,
          nicolae_snake_flat_spine, serial_bayou_shore_a
Orc:1:    layout_caves
Orc:2:    pf_orc_diabolical, layout_diamond_mine, nicolae_orc_bridge_out,
          lemuel_statue_altar, library_closet, led_sif_book, uniq_josephine
Elf:1:    cheibrodos_elf_bladeworks, layout_loops_corners,
          hangedman_elf_disciples
Elf:2:    nicolae_elf_blades_crystal_corner, layout_gridlike, serial_shops,
          shop, serial_library, serial_library_hellmonk_small_alcove,
          serial_library_hellmonk_layered_room,
          serial_library_hellmonk_junction, serial_library_hellmonk_open_cross,
          serial_library_hellmonk_secret_room,
          serial_library_hellmonk_open_cross,
          serial_library_hellmonk_angled_corner,
          serial_library_hellmonk_small_corner,
          serial_library_hellmonk_junction,
          serial_library_hellmonk_angled_corner
Elf:3:    minmay_elf_hall_four_x, layout_loops_cross, serial_shops, shop,
          grunt_ministairs_5, st_stairs_12, minivault_16
Vaults:1: portal_desolation_entry_holy_temple, v_alt_pattern_1,
          nicolae_vaults_closet_pinwheel_5, v_misc_9,
          nicolae_vaults_surprise_closet, nicolae_vaults_trapezoid_lopsided_3,
          nicolae_vaults_rhombus_5, nicolae_vaults_trapezoid_lopsided_1,
          nicolae_vaults_double_plus_1, layout_vaults_omnigrid
Vaults:2: v_misc_24, nicolae_vaults_circle_grid_b, dpeg_vaults_monster_row,
          nicolae_vaults_trapezoid_lopsided_2,
          nicolae_vaults_windows_and_doors_thing, nicolae_vaults_tetromino_L_1,
          hangedman_vaults_stretched_pinwheel, ontoclasm_vaults_claustrophobia,
          nicolae_vaults_frosty_reception, vaults_dpeg_diagonal,
          vaults_dpeg_emergency_exit, grunt_vaults_funnel,
          hangedman_vaults_trim, hangedman_vaults_stagger, v_misc_16,
          layout_vaults_ring
Vaults:3: gammafunk_ghost_necromancy, nicolae_vaults_offset_grid_hallway_3,
          minmay_crypt_entry_simple_corners, v_rooms_2,
          hangedman_vaults_river_flow, nicolae_vaults_heart-shaped_vault,
          nicolae_vaults_three_branches, nicolae_vaults_network_periphery,
          v_rooms_3, grunt_vaults_diagonal, v_misc_15,
          nicolae_vaults_little_squares_5, layout_vaults_big_cross,
          serial_shops, freezing_bzr
Vaults:4: nicolae_vaults_network_barrier, nicolae_vaults_cornered_office,
          v_rooms_4, ontoclasm_vaults_loading_screen,
          nicolae_vaults_shrinking_rooms_2, ontoclasm_vaults_chip, v_misc_12,
          ontoclasm_vaults_decontamination, layout_vaults_omnibox
Vaults:5: serial_shops, uniq_boris, uniq_xtahua
Depths:1: layout_roguey, enter_ziggurat_c, grunt_mini_vestibule,
          roderic_lattice_a, grunt_pan_entry_sceptre,
          wad_floor_pattern_untrapped, nicolae_tricolors
Depths:2: grunt_deathspiral_small, layout_cave_shapes, rand_demon_pan_entry_9,
          pf_dread_powers_of_hell, minmay_strange_pillars,
          infiniplex_staircase_pillars_3b, uniq_bai_suzhen
Depths:3: minmay_complete_graph, layout_basic, hell_entry,
          nicolae_vehumet_altar_sigil, abyss_entry,
          nicolae_trove_entry_diagonal, uniq_sojobo, uniq_parghit
Depths:4: grunt_zot_entry_bicorn, layout_gridlike, hangedman_abyss_entry_splay,
          serial_shops, shop, hell_entry, minmay_shoptagon
Zot:1:    layout_basic
Zot:2:    cheibrodos_zot_enchanting_chambers, layout_gridlike,
          gammafunk_ghost_wrathful_warriors
Zot:3:    layout_gridlike, hangedman_player_shredder
Zot:4:    gammafunk_its_a_trap, layout_basic, regret_index_zot_stipple_split
Zot:5:    layout_twisted_circle, lemuel_baited_zot_trap

Skill      XL: |  1  2  3  4  5  6  7  8  9 10 11 12 13 14 15 16 17 18 19 20 21 22 23 24 25 26 |
---------------+-------------------------------------------------------------------------------+-----
Long Blades    | 3 5 6 7 9 11 12 14 15 18 20 21 23 25 | 25.0
Fighting       | 4 5 6 7 8 9 11 12 13 14 15 16 17 18 19 20 21 22 | 22.0
Armour         | 4 5 6 7 8 9 11 12 13 14 15 16 17 18 19 20 21 22 | 22.0
Shields        | 4 5 6 8 10 13 15 16 17 18 19 20 21 22 | 22.0
Dodging        | 3 5 8 9 11 13 15 16 | 16.9
Throwing       | 2 5 8 10 12 14 15 16 17 18 19 20 21 | 21.6
Evocations     | 2 4 6 8 9 10 11 12 14 | 14.2
Invocations    | 1 4 6 8 9 10 11 12 13 14 15 16 17 | 17.9

Action                     |  1- 3 |  4- 6 |  7- 9 | 10-12 | 13-15 | 16-18 | 19-21 | 22-24 | 25-27 || total
---------------------------+-------+-------+-------+-------+-------+-------+-------+-------+-------++-------
  Melee: Long sword        |   110 |    84 |    52 |       |       |       |       |       |       ||   246
         Headbutt          |    14 |    10 |    41 |   132 |   290 |   402 |   561 |   477 |   555 ||  2482
         Falchion          |       |       |   170 |     5 |       |       |       |       |       ||   175
         Scimitar          |       |       |       |   513 |    33 |    43 |       |       |       ||   589
         Demon blade       |       |       |       |   170 |  1064 |  1461 |  1655 |  1400 |   493 ||  6243
         Katana            |       |       |       |       |       |       |       |       |  1090 ||  1090
  Throw: Javelin           |       |       |       |       |   285 |   106 |    71 |    67 |   112 ||   641
 Invoke: Heroism           |       |       |     1 |     5 |     8 |     7 |     8 |     5 |     7 ||    41
         Receive Weapon    |       |       |       |     1 |       |       |       |       |       ||     1
         Receive Armour    |       |       |       |     1 |       |       |       |       |       ||     1
         Finesse           |       |       |       |       |     1 |       |     2 |       |     2 ||     5
         Duel              |       |       |       |       |       |       |     1 |       |       ||     1
  Evoke: Wand              |       |       |    23 |    24 |    17 |       |       |       |       ||    64
         Phial of floods   |       |       |       |       |       |       |     1 |       |       ||     1
         Condenser vane    |       |       |       |       |       |       |       |     1 |     1 ||     2
    Use: Scroll            |     6 |     4 |     7 |    10 |     9 |     6 |    18 |     7 |    13 ||    80
         Potion            |       |     4 |     4 |     7 |     4 |     4 |    11 |     4 |     4 ||    42
   Stab: Confused          |       |       |       |       |       |     3 |       |       |       ||     3
 Armour: Scale mail        |    59 |     8 |       |    94 |       |       |       |       |       ||   161
         Ice dragon scales |       |    54 |    90 |    76 |       |       |       |       |       ||   220
         Skin              |       |       |       |     3 |       |     5 |       |       |       ||     8
         Crystal plate arm |       |       |       |    74 |   538 |   478 |   605 |       |       ||  1695
         Gold dragon scale |       |       |       |       |       |       |     9 |   423 |   574 ||  1006
  Dodge: Dodged            |    40 |    52 |    96 |   294 |   485 |   386 |   541 |   297 |   374 ||  2565
  Block: Buckler           |    29 |    14 |    74 |       |       |       |       |       |       ||   117
         Kite shield       |       |       |     9 |   509 |   685 |       |       |       |       ||  1203
         Tower shield      |       |       |       |       |   102 |  1419 |  1713 |  1651 |  1637 ||  6522
         Reflection        |       |       |       |       |       |       |    16 |   195 |    25 ||   236

Table legend: (Time is in decaauts)
 A = Elapsed time spent in this place.
 B = Non-inter-level travel time spent in this place.
 C = Inter-level travel time spent in this place.
 D = Time resting spent in this place.
 E = Time spent auto-exploring this place.
 F = Levels seen in this place.
 G = Mean time per level.
                   A        B        C        D        E       F      G
               +--------+--------+--------+--------+--------+-----+--------+
         Total |  70194 |  65853 |   4341 |  12605 |  39719 |  55 | 1276.3 |
       Dungeon |  14889 |  13383 |   1506 |   2388 |   8707 |  15 |  992.6 |
        Temple |      6 |      2 |      4 |      0 |      0 |   1 |    6.0 |
          Lair |   7256 |   6803 |    453 |    163 |   5317 |   5 | 1451.2 |
        Shoals |   4285 |   4097 |    188 |    347 |   2751 |   4 | 1071.2 |
     Snake Pit |   5956 |   5682 |    274 |   1125 |   3211 |   4 | 1489.0 |
  Orcish Mines |   2436 |   2206 |    230 |    578 |   1153 |   2 | 1218.0 |
   Elven Halls |   4220 |   4066 |    154 |    635 |   2680 |   3 | 1406.7 |
        Vaults |  11285 |  10688 |    597 |   2406 |   6547 |   5 | 2257.0 |
        Depths |   8397 |   7856 |    541 |   1507 |   4819 |   4 | 2099.2 |
           Zot |   8666 |   8278 |    388 |   2553 |   3942 |   5 | 1733.2 |
        Bazaar |     39 |     39 |      0 |      0 |     22 |   1 |   39.0 |
         Trove |     70 |     70 |      0 |      0 |     21 |   1 |   70.0 |
        Bailey |    835 |    835 |      0 |    312 |    165 |   1 |  835.0 |
      Ice Cave |    198 |    198 |      0 |    156 |      1 |   1 |  198.0 |
    Desolation |   1459 |   1459 |      0 |    413 |    381 |   1 | 1459.0 |
      Gauntlet |    152 |    152 |      0 |      0 |      0 |   1 |  152.0 |
         Arena |     38 |     38 |      0 |     19 |      0 |   1 |   38.0 |
               +--------+--------+--------+--------+--------+-----+--------+

Top non-repeatable levels by time:
Vaults:4: 4384 daAuts
 Snake:4: 2626 daAuts
   Zot:5: 2329 daAuts
Depths:3: 2316 daAuts
   Zot:4: 2210 daAuts
Depths:2: 2207 daAuts
  Lair:5: 2206 daAuts
    D:12: 2173 daAuts
Vaults:3: 1973 daAuts
Depths:4: 1960 daAuts
   Zot:3: 1935 daAuts
Depths:1: 1912 daAuts
Vaults:2: 1881 daAuts
   Orc:2: 1867 daAuts
Vaults:1: 1779 daAuts
